 Dungeon Crawl Stone Soup version 0.27.1-33-g824d729ab1 (webtiles) character file.

Game seed: 7479500688522504068

504 potato4science the Covert (level 7, -12/45 HPs)
             Began as an Octopode Hedge Wizard on Dec 17, 2021.
             Mangled by an ogre (20 damage)
             ... on level 4 of the Dungeon.
             The game lasted 00:20:31 (5465 turns).

potato4science the Covert (Octopode Hedge Wizard)   Turns: 5465, Time: 00:20:32

Health: -12/45     AC:  1    Str: 10    XL:     7   Next: 17%
Magic:  1/11       EV: 13    Int: 18    God:
Gold:   144        SH:  0    Dex: 11    Spells: 9/12 levels left

rFire    + . .     SeeInvis .   a - +0 dagger
rCold    . . .     Faith    .   (no shield)
rNeg     . . .     Spirit   .   b - +0 hat
rPois    .         Reflect  .   (no amulet)
rElec    .         Harm     .   h - ring of protection from fire
rCorr    .         Rampage  .   (no ring)
Will     .....                  (no ring)
Stlth    +++++.....             (no ring)
HPRegen  0.15/turn              (no ring)
MPRegen  0.12/turn              (no ring)
                                (no ring)
                                (no ring)

@: no status effects
A: almost no armour, amphibious, 8 rings, camouflage 1, gelatinous body 1,
(nimble swimmer 1), tentacles
a: no special abilities


You were on level 4 of the Dungeon.
You visited 1 branch of the dungeon, and saw 4 of its levels.

You collected 144 gold pieces.

Inventory:

Hand Weapons
 a - a +0 dagger (weapon)
Armour
 b - a +0 hat (worn)
Jewellery
 h - a ring of protection from fire (left tentacle)
Scrolls
 e - 3 scrolls of identify
 f - a scroll of fear {unknown}
 g - 2 scrolls of noise {unknown}
 j - a scroll of acquirement {unknown}
 k - a scroll of immolation {unknown}
Potions
 c - 4 potions of curing
 d - 2 potions of haste {unknown}
 i - a potion of berserk rage {unknown}


   Skills:
 - Level 2.0 Fighting
 - Level 2.1 Short Blades
 - Level 2.0 Dodging
 + Level 9.2 Stealth
 - Level 3.0 Spellcasting
 - Level 1.0 Conjurations
 - Level 1.0 Summonings
 - Level 2.0 Translocations


You had 9 spell levels left.
You knew the following spells:

 Your Spells              Type           Power      Damage    Failure   Level
a - Magic Dart            Conj           24%        1d4       11%         1
b - Blink                 Tloc           N/A        N/A       11%         2

Your spell library contained the following spells:

 Spells                   Type           Power      Damage    Failure   Level
 Call Imp                 Summ           6%         N/A       16%         2
 Slow                     Hex            2%         N/A       24%         2
 Conjure Flame            Conj/Fire      4%         6-21      36%         3
 Mephitic Cloud           Conj/Pois/Air  3%         N/A       38%         3
 Confusing Touch          Hex            2%         N/A       43%         3
 Vampiric Draining        Necr           1%         2d6       43%         3


Dungeon Overview and Level Annotations

Branches:
Dungeon (4/15)
 Temple: D:4-7

Altars:
Okawaru
The Shining One

Annotations:
D:3 2 runed translucent doors, Crazy Yiuf; Squirrel's ghost, amateur MiBe


Innate Abilities, Weirdness & Mutations

You cannot wear most types of armour.
You are amphibious.
You can wear up to eight rings at the same time.
Your skin changes colour to match your surroundings (Stealth+).
Your rubbery body absorbs attacks. (AC +1, EV +1)
((You are camouflaged near water. (Stealth+)))
You have tentacles for arms and can constrict up to eight enemies at once.


Message History

The ogre barely misses you.
You hit the ogre. Your squeeze misses the ogre.
The ogre is lightly wounded.
The ogre misses you.
You barely miss the ogre.
The ogre is lightly wounded.
You barely miss the ogre. You squeeze the ogre!
The ogre is moderately wounded.
The ogre hits you with a +0 giant spiked club!!
Ouch! That really hurt!
* * * LOW HITPOINT WARNING * * *
You barely miss the ogre.
The ogre is moderately wounded.
The ogre hits you with a +0 giant spiked club.
* * * LOW HITPOINT WARNING * * *
You hit the ogre but do no damage.
The ogre is moderately wounded.
Casting: Magic Dart (safe; 11% risk of failure)
Confirm with . or Enter, or press ? or * to list all spells.
You blink.
Casting: Blink (safe; 11% risk of failure)
Confirm with . or Enter, or press ? or * to list all spells.
You blink.
Casting: Blink (safe; 11% risk of failure)
Confirm with . or Enter, or press ? or * to list all spells.
You blink.
Casting: Blink (safe; 11% risk of failure)
Confirm with . or Enter, or press ? or * to list all spells.
You blink.
Casting: Blink (safe; 11% risk of failure)
Confirm with . or Enter, or press ? or * to list all spells.
You blink.
Casting: Blink (safe; 11% risk of failure)
Confirm with . or Enter, or press ? or * to list all spells.
You don't have enough magic to cast this spell.
As you read the scroll labelled POWNAO COAXOS, it crumbles to dust.
It is a scroll of identify.
c - 4 potions of curing The ogre hits you with a +0 giant spiked club!!
You die...

.# #.# #######.# #.# #
#.......# #.# #$ #.......#
#.## #$ #.......# #..# #$
#.......#######.# ##
#...............#
#...............#
#....@)<........##
#....O.#......[..####
.###......#............# #
#........ยง...#########.##
#.#.##......##.## #).#
##.#.#.............. ##.O
#......######....... ###
#......# #........ #..
#......######........ #..


You could see an ogre.

Vanquished Creatures
  An ogre (D:4)
  A phantom (D:4)
  A scorpion (D:3)
  A water moccasin skeleton (D:4)
  Robin (D:3)
  8 gnolls
  4 adders
  6 dart slugs
  10 orcs
  9 ball pythons
  4 bats
  6 endoplasms
  2 giant cockroaches
  7 hobgoblins
  2 jackals (D:1)
  13 frilled lizards
  11 goblins
  9 kobolds
  9 rats
105 creatures vanquished.

Vanquished Creatures (others)
  7 plants (D:2)
7 creatures vanquished.

Grand Total: 112 creatures vanquished

Notes
Turn   | Place    | Note
-------+----------+-------------------------------------------
     0 | D:1      | potato4science the Octopode Hedge Wizard began the quest
                  | for the Orb.
     0 | D:1      | Reached XP level 1. HP: 11/11 MP: 4/4
   350 | D:1      | Reached skill level 3 in Stealth
   470 | D:1      | Reached XP level 2. HP: 17/17 MP: 6/6
   521 | D:1      | Reached skill level 4 in Stealth
   524 | D:1      | Learned a level 2 spell: Blink
   718 | D:1      | Found a faded altar of an unknown god.
   721 | D:1      | Reached skill level 1 in Fighting
  1022 | D:1      | Reached skill level 1 in Short Blades
  1022 | D:1      | Reached XP level 3. HP: 22/23 MP: 3/7
  2220 | D:2      | Reached skill level 5 in Stealth
  2546 | D:2      | Reached XP level 4. HP: 28/28 MP: 5/8
  3015 | D:3      | Noticed a scorpion
  3143 | D:3      | Noticed Squirrel's ghost (amateur MiBe)
  3144 | D:3      | Found a runed translucent door.
  3224 | D:3      | Found a runed translucent door.
  3225 | D:3      | Noticed Crazy Yiuf
  3456 | D:2      | Reached skill level 6 in Stealth
  3732 | D:3      | Noticed Robin
  3746 | D:3      | Killed Robin
  3874 | D:3      | Found an iron altar of Okawaru.
  3881 | D:3      | Reached XP level 5. HP: 31/33 MP: 5/9
  3943 | D:3      | Reached skill level 7 in Stealth
  4291 | D:3      | Reached skill level 8 in Stealth
  4414 | D:3      | Reached XP level 6. HP: 38/38 MP: 3/10
  4481 | D:3      | Found a glowing golden altar of the Shining One.
  5164 | D:4      | Reached XP level 7. HP: 45/45 MP: 11/11
  5165 | D:4      | Reached skill level 9 in Stealth
  5465 | D:4      | Mangled by an ogre

Illustrated notes

Levels and vault maps discovered:
D:1:      dpeg_arrival_rhombus, layout_basic,
          shapermc_ecumenical_altar_mp_highgroup, minmay_three_crescents
D:2:      layout_loops_corners, minmay_lizard_king
D:3:      layout_loops_ring, mainiacjoe_overflow_tiny_flanked,
          mainiacjoe_overflow_small_starburst, hellmonk_ghost_happy_afterlife,
          st_stairs_7, uniq_robin, uniq_crazy_yiuf_cottage
D:4:      minmay_bubble_buster, layout_basic, lemuel_round_altar, serial_curves,
          eino_curves_02, eino_curves_03, chequers_jeans, uniq_blork_the_orc

Skill      XL: |  1  2  3  4  5  6  7 |
---------------+----------------------+-----
Stealth        | 3 4 5 6 8 9 |  9.2
Fighting       | 1 2 |  2.0
Short Blades   | 1 2 |  2.1
Translocations | 2 |  2.0
Dodging        | |  2.0
Spellcasting   | |  3.0
Conjurations   | |  1.0
Summonings     | |  1.0

Action                   |  1- 3 |  4- 6 |  7- 9 || total
-------------------------+-------+-------+-------++-------
Melee: Dagger            |    45 |    91 |    29 ||   165
       Tentacles         |     4 |    21 |     5 ||    30
       Constrict         |     9 |    21 |     6 ||    36
 Cast: Magic Dart        |    52 |    67 |     6 ||   125
       Blink             |       |       |     5 ||     5
  Use: Scroll            |       |       |     1 ||     1
 Stab: Sleeping          |    12 |    15 |     1 ||    28
Armor: Skin              |     4 |     4 |       ||     8
Dodge: Dodged            |    27 |    41 |    13 ||    81
